 Dungeon Crawl Stone Soup version 0.31.0-32-g396128a36d (webtiles) character file.

Game seed: 7453713737121168985

1859 Fractals the Contemplative (level 9, -1/102 HPs)
             Began as a Human Ice Elementalist on Apr 15, 2024.
             Was a Priest of Cheibriados.
             Slain by an ice beast (4 damage)
             ... on level 6 of the Dungeon on Apr 18, 2024.
             The game lasted 00:25:56 (7011 turns).

Fractals the Contemplative (Human Ice Elementalist) Turns: 7011, Time: 00:25:56

Health: -1/102     AC: 33    Str: 17    XL:     9   Next: 13%
Magic:  15/16      EV:  2    Int: 24    God:    Cheibriados [***...]
Gold:   105        SH:  0    Dex: 19    Spells: 8/18 levels left

rFire   + . .        f - staff of cold
rCold   + . .        (no shield)
rNeg    . . .        q - melded +2 robe {Will+}
rPois   +            (helmet currently unavailable)
rElec   .            a - melded +0 cloak
rCorr   .            n - melded +0 pair of gloves
SInv    .            (boots currently unavailable)
Will    .....        (no amulet)
Stlth   +++          c - ring of protection from fire
HPRegen 0.37/turn    i - ring of wizardry
MPRegen 0.15/turn

%: wizardry (x1)
@: ice-armoured (expiring), tree-form (expiring), very slow
A: stationary, stasis, torment immunity, boosted hp, explore regen
a: Renounce Religion, Bend Time, Temporal Distortion


You were on level 6 of the Dungeon.
You worshipped Cheibriados.
Cheibriados was most pleased with you.
You were a tree.
You visited 1 branch of the dungeon, and saw 6 of its levels.

You collected 435 gold pieces.
You spent 330 gold pieces at shops.

Inventory:

Hand Weapons
 h - a +2 rapier of freezing
 l - a +1 flail of holy wrath
Armour
 a - a +0 cloak (melded)
 n - a +0 pair of gloves (melded)
 q - a +2 robe of willpower (melded)
Magical Staves
 f - a staff of cold (weapon)
Jewellery
 c - a ring of protection from fire (left branch)
 i - a ring of wizardry (right branch)
Wands
 t - a wand of iceblast (17)
Scrolls
 g - a scroll of fog
 k - a scroll of teleportation
 u - a scroll of revelation
Potions
 e - 3 potions of enlightenment
 p - 4 potions of curing
 r - a potion of resistance


   Skills:
 - Level 5.0 Fighting
 - Level 3.0 Dodging
 - Level 3.0 Stealth
 - Level 5.0 Spellcasting
 - Level 3.0 Summonings
 - Level 6.0 Ice Magic
 + Level 6.3 Invocations
 - Level 2.0 Evocations


You had 8 spell levels left.
You knew the following spells:

 Your Spells              Type           Power      Damage    Failure   Level
a - Freeze                Ice            100%       1d10      1%          1
b - Frozen Ramparts       Ice            100%       1d16      1%          3
c - Ozocubu's Armour      Ice            51%        N/A       1%          3
d - Summon Ice Beast      Ice/Summ       41%        N/A       1%          3

Your spell library contained the following spells:

 Spells                   Type           Power      Damage    Failure   Level
 Ensorcelled Hibernation  Hex/Ice        60%        N/A       1%          2
 Apportation              Tloc           12%        N/A       3%          1
 Sandblast                Erth           12%        2d6       3%          1
 Sting                    Conj/Alch      24%        1d4       3%          1
 Jinxbite                 Hex            12%        N/A       5%          2
 Lesser Beckoning         Tloc           12%        N/A       5%          2
 Mercury Vapours          Alch/Air       12%        N/A       5%          2
 Gell's Gravitas          Tloc           6%         N/A       11%         3
 Passwall                 Erth           6%         N/A       11%         3
 Stone Arrow              Conj/Erth      12%        3d7       11%         3
 Swiftness                Air            6%         N/A       11%         3
 Teleport Other           Tloc           6%         N/A       11%         3
 Brom's Barrelling Bould  Conj/Erth      6%         2d3       32%         4
 Olgreb's Toxic Radiance  Alch           6%         N/A       32%         4
 Alistair's Intoxication  Alch           4%         N/A       65%         5


Dungeon Overview and Level Annotations

Branches:
Dungeon (6/15)             Temple (0/1) D:5

Altars:
Cheibriados
Dithmenos
Hepliaklqana
Makhleb
Qazlal
Trog
Xom
The Shining One

Shops:
D:5 *   D:6 :?

Annotations:
D:2 1 runed translucent door, Crazy Yiuf
D:3 2 transporters, LukeNinja's ghost, amateur DrCj


Innate Abilities, Weirdness & Mutations

You are a tree.
Your roots penetrate the ground, keeping you stationary.
You cannot be teleported.
You are immune to unholy pain and torment.
Your maximum health is greatly increased.
Your equipment is partially melded.
You regain HP and MP as you explore.


Message History

Your ice beast hits the shadow.
Your ice beast freezes the shadow.
The shadow completely resists.
Unknown command.
You hit the shadow.
The shadow is almost destroyed.
The shadow hits you.
* * * LOW HITPOINT WARNING * * *
The ice beast hits you but does no damage.
Your ice beast hits the shadow but does no damage.
Unknown command.
You hit the shadow but do no damage. Your punch misses the shadow.
The shadow is almost destroyed.
The shadow slips into darkness.
The shadow flickers and vanishes!
Deactivating autopickup; reactivate with Ctrl-A.
The ice beast hits you but does no damage.
Your ice beast hits something.
Cheibriados appreciates the change of pace.
Reactivating autopickup.
You feel a bit more experienced.
The ice beast hits you but does no damage.
Training target 5.0 for Fighting reached!
Your Fighting skill increases to level 5!
Your Invocations skill increases to level 6!
You hit the ice beast but do no damage.
The ice beast hits you but does no damage.
You hit the ice beast but do no damage.
The ice beast hits you but does no damage.
Your ice beast barely misses the ice beast.
You hit the ice beast.
The ice beast is lightly wounded.
Your icy armour starts to melt.
Your transformation is almost over.
The ice beast completely misses you.
Your ice beast hits the ice beast.
Your ice beast freezes the ice beast.
The ice beast completely resists.
You barely miss the ice beast.
The ice beast is lightly wounded.
The ice beast hits you.
* * * LOW HITPOINT WARNING * * *
The ice beast freezes you. You resist.
You die...

*,*,,****,,*.$....#############
***,*,>,,,,,,,,,!................
,**,*,,*,*,,,*,**#.#≈≈≈..........
,**,*,,,,,,,,*,* #.≈≈≈≈≈####.....
,**,**,,,*+*,*,###.≈≈∩≈≈# #.....
,**,*,,,,'∩',*,..#.≈~.≈≈# #.....
,**,*****#'#####§#§#~.~#####'#..)
,**,,,,,,.....)YY§§##..#.........
,**************#♣#**##.#.........
,,,,,,,,,..* #§# #.#.........
****,,,,,#.#####.#####.....#'#...
*,,,,,#..........##.....#.#...
*,,,,,#..........##.....#.#...
**,,,,,#..........##.#####.####
*,,,,,,#..........##.# #.#
*∩*,***#..........##'#####.#
*,,,***#.#####.###......##.#


You could see an ice beast (ally target) and a friendly ice beast (summoned).

Vanquished Creatures
  Sigmund (D:3)
  Duvessa (D:5)
  An orc warrior (D:6)
  An ogre (D:4)
  2 centaurs
  3 hounds
  A jelly (D:5)
  3 orc priests
  Jessica (D:3)
  Terence (D:3)
  3 iguanas
  3 orc wizards
  5 adders
  A shadow imp (D:5)
  2 ufetubi (D:5)
  4 ribbon worms
  30 orcs
  3 endoplasms (D:1)
  2 giant cockroaches
  9 goblins
  11 hobgoblins
  A jackal (D:2)
  A quokka (D:1)
  9 ball pythons
  4 bats
  2 frilled lizards
  3 kobolds
  15 rats
  A spectral hobgoblin (D:5)
124 creatures vanquished.

Vanquished Creatures (collateral kills)
  A shadow (D:6)
  A steam dragon (D:6)
  Edmund (D:5)
  A scorpion (D:5)
  Dowan (D:5)
  A hound (D:6)
  2 sleepcaps (D:5)
  8 gnolls
  5 orcs
21 creatures vanquished.

Grand Total: 145 creatures vanquished

Notes
Turn   | Place    | Note
-------+----------+-------------------------------------------
     0 | D:1      | Fractals the Human Ice Elementalist began the quest for the
                  | Orb.
     0 | D:1      | Reached XP level 1. HP: 13/13 MP: 3/3
   135 | D:1      | Reached skill level 1 in Fighting
   175 | D:1      | Reached XP level 2. HP: 19/21 MP: 1/5
   664 | D:2      | Reached XP level 3. HP: 24/27 MP: 6/6
   735 | D:2      | Learned a level 3 spell: Frozen Ramparts
  1416 | D:2      | Reached XP level 4. HP: 29/33 MP: 6/8
  1531 | D:2      | Learned a level 3 spell: Ozocubu's Armour
  1600 | D:2      | Found a runed translucent door.
  1601 | D:2      | Noticed Crazy Yiuf
  1744 | D:3      | Noticed Jessica
  1924 | D:3      | Killed Jessica
  1926 | D:3      | Reached XP level 5. HP: 38/38 MP: 4/9
  2256 | D:3      | Found a burning altar of Makhleb.
  2330 | D:3      | Noticed Sigmund
  2411 | D:3      | Killed Sigmund
  2412 | D:3      | Reached skill level 5 in Ice Magic
  2412 | D:3      | Reached XP level 6. HP: 40/44 MP: 1/12
  2495 | D:3      | Found a shimmering altar of Xom.
  2497 | D:3      | Noticed Terence
  2531 | D:3      | Killed Terence
  2656 | D:3      | Found a transporter.
  2657 | D:3      | Found a transporter.
  2657 | D:3      | Noticed LukeNinja's ghost (amateur DrCj)
  3181 | D:4      | Learned a level 3 spell: Summon Ice Beast
  3265 | D:4      | Found a snail-covered altar of Cheibriados.
  3270 | D:4      | Became a worshipper of Cheibriados the Contemplative
  3296 | D:4      | Reached XP level 7. HP: 52/52 MP: 5/13
  3560 | D:4      | Reached skill level 1 in Summonings
  3988 | D:4      | Reached * piety under Cheibriados
  3993 | D:4      | Reached skill level 1 in Evocations
  4369 | D:5      | Entered Level 5 of the Dungeon
  4496 | D:5      | Found a staircase to the Ecumenical Temple.
  4575 | D:5      | Noticed Dowan
  4619 | D:5      | Noticed Duvessa
  4635 | D:5      | Killed Duvessa
  4635 | D:5      | Killed Dowan
  4636 | D:5      | Reached skill level 5 in Spellcasting
  4636 | D:5      | Reached XP level 8. HP: 38/58 MP: 2/15
  4824 | D:5      | Reached skill level 1 in Invocations
  5084 | D:5      | Noticed Edmund
  5090 | D:5      | Killed Edmund
  5237 | D:5      | Found Jeops's Gadget Gallery.
  5778 | D:5      | Found a stormy altar of Qazlal.
  5778 | D:5      | Found a shadowy altar of Dithmenos.
  5920 | D:5      | Found a hazy altar of Hepliaklqana.
  5926 | D:5      | Reached ** piety under Cheibriados
  6182 | D:5      | Reached skill level 5 in Invocations
  6284 | D:5      | Found a bloodstained altar of Trog.
  6523 | D:6      | Found Leiduram's Magic Scroll Emporium.
  6536 | D:6      | Bought a scroll of identify for 22 gold pieces
  6536 | D:6      | Bought a scroll of identify for 22 gold pieces
  6540 | D:6      | Identified the +1 long sword "Jilepam" {flame, Fly rCorr
                  | Dex-2}
  6569 | D:6      | Found a glowing golden altar of the Shining One.
  6826 | D:6      | Found Eveu's Book Shoppe.
  6853 | D:6      | Bought a book of Party Tricks for 286 gold pieces
  6958 | D:6      | Noticed a shadow
  6963 | D:6      | Reached XP level 9. HP: 66/66 MP: 10/16
  6982 | D:6      | Reached *** piety under Cheibriados
  6997 | D:6      | HP: 2/99 [something (25)]
  7006 | D:6      | HP: 2/99 [shadow (3)]
  7008 | D:6      | Reached skill level 5 in Fighting
  7011 | D:6      | HP: 3/102 [ice beast (1)]
  7011 | D:6      | Slain by an ice beast

Illustrated notes

Levels and vault maps discovered:
D:1:      nicolae_arrival_memento_mori, layout_rooms
D:2:      layout_loops_ring, st_stairs_5, grunt_decor_junction,
          minmay_rat_gold_closets, uniq_crazy_yiuf_cottage
D:3:      layout_basic, lemuel_tele_altar, overflow_temple_1_default,
          gammafunk_ghost_smash, supply_closet_lemuel, guppyfry_early_orc_mine,
          uniq_jessica, uniq_sigmund, uniq_terence
D:4:      layout_basic, kennysheep_little_box
D:5:      layout_layer_cave, trog_book, nicolae_hepliaklqana_monster_ancestors,
          amethyst_overflow_temple_binary, minmay_temple_entry_offerings,
          nicolae_shop_gadgets, uniq_duvessa, uniq_edmund
D:6:      layout_basic, tso_metal_star, serial_shops, shop,
          nicolae_shop_behind_doors, nicolae_shop_pleasant_corner_grove,
          nicolae_shop_waterfront, nicolae_shop_trees

Skill      XL: |  1  2  3  4  5  6  7  8  9 |
---------------+----------------------------+-----
Fighting       | 1 2 3 4 5 |  5.0
Stealth        | 3 |  3.0
Spellcasting   | 3 4 5 |  5.0
Ice Magic      | 5 6 |  6.0
Summonings     | 2 3 |  3.0
Evocations     | 2 |  2.0
Invocations    | 5 6 |  6.3
Dodging        | 3 |  3.0

Action                     |  1- 3 |  4- 6 |  7- 9 || total
---------------------------+-------+-------+-------++-------
  Melee: Mace              |    24 |       |       ||    24
         Unarmed           |     6 |       |       ||     6
         Short sword       |    93 |    97 |       ||   190
         Punch             |     1 |       |     2 ||     3
         Staff             |       |       |   130 ||   130
         Trident           |       |       |    12 ||    12
   Cast: Freeze            |    21 |    15 |    29 ||    65
         Frozen Ramparts   |     2 |    13 |    12 ||    27
         Ozocubu's Armour  |       |    11 |    15 ||    26
         Summon Ice Beast  |       |       |    13 ||    13
    Use: Potion            |     1 |     1 |     3 ||     5
         Scroll            |       |     4 |     7 ||    11
   Stab: Sleeping          |     9 |     2 |     3 ||    14
         Distracted        |       |       |     3 ||     3
 Armour: Robe              |    57 |    59 |   144 ||   260
         Skin              |       |       |    16 ||    16
  Dodge: Dodged            |    84 |    65 |   124 ||   273
